 Dungeon Crawl Stone Soup version 0.31-a0-1405-g2bb1a01664 (webtiles) character file.

Game seed: 11758855535841749976

1489 RepHenryClay the Nimble (level 8, -5/41 HPs)
             Began as a Deep Elf Alchemist on Dec 25, 2023.
             Shot with an arrow by a centaur (7 damage)
             ... on level 5 of the Dungeon.
             The game lasted 00:15:35 (6338 turns).

RepHenryClay the Nimble (Deep Elf Alchemist)        Turns: 6338, Time: 00:15:36

Health: -5/41      AC:  6    Str:  5    XL:     8   Next: 51%
Magic:  5/14       EV: 17    Int: 23    God:
Gold:   194        SH:  0    Dex: 15    Spells: 5/13 levels left

rFire   + + .        a - +2 short sword (venom)
rCold   + . .        (no shield)
rNeg    . . .        g - +1 robe {rF+}
rPois   .            n - +0 helmet
rElec   .            p - scarf {rC+ rF+}
rCorr   .            (no gloves)
SInv    .            (no boots)
Will    .....        s - amulet of the acrobat
Stlth   ++           (no ring)
HPRegen 0.26/turn    (no ring)
MPRegen 0.14/turn

%: acrobat
@: about to teleport, very slightly contaminated
A: talons 1, iridescent scales 1
a: no special abilities


You were on level 5 of the Dungeon.
You visited 1 branch of the dungeon, and saw 5 of its levels.

You collected 194 gold pieces.

Inventory:

Hand Weapons
 a - a +2 short sword of venom (weapon)
 h - a +4 dagger
 q - a +1 dagger of venom
Armour
 g - a +1 robe of fire resistance (worn)
 n - a +0 helmet (worn)
 o - a +0 robe
 p - a scarf of resistance (worn)
Jewellery
 s - an amulet of the acrobat (around neck)
Wands
 f - a wand of paralysis (10)
 j - a wand of flame (19)
 r - a wand of polymorph (7)
 w - a wand of iceblast (10)
Scrolls
 d - a scroll of noise {unknown}
 e - 4 scrolls of identify
 i - a scroll of teleportation
 k - a scroll of poison {unknown}
 l - a scroll of fog {unknown}
 m - a scroll of enchant armour {unknown}
 t - a scroll of fear {unknown}
 u - a scroll of torment {unknown}
 v - a scroll of blinking {unknown}
Potions
 b - 2 potions of magic
 c - 2 potions of brilliance
 x - a potion of haste


   Skills:
 - Level 9.4 Dodging
 - Level 2.4 Stealth
 - Level 3.0 Spellcasting
 + Level 6.2 Conjurations
 + Level 6.2 Alchemy


You had 5 spell levels left.
You knew the following spells:

 Your Spells              Type           Power      Damage    Failure   Level
a - Sting                 Conj/Alch      100%       1d9       1%          1
b - Mephitic Cloud        Conj/Alch/Air  22%        N/A       6%          3
c - Olgreb's Toxic Radia  Alch           31%        N/A       9%          4

Your spell library contained the following spells:

 Spells                   Type           Power      Damage    Failure   Level
 Mercury Vapours          Alch/Air       34%        N/A       4%          2
 Momentum Strike          Conj/Tloc      34%        3d8       4%          2
 Necrotise                Necr           12%        1d4       12%         1
 Blink                    Tloc           6%         N/A       17%         2
 Jinxbite                 Hex            6%         N/A       17%         2
 Lesser Beckoning         Tloc           6%         N/A       17%         2
 Irradiate                Conj/Alch      15%        3d16      26%         5
 Sticky Flame             Fire/Alch      17%        2d5       32%         4
 Inner Flame              Hex/Fire       3%         N/A       34%         3
 Vampiric Draining        Necr           3%         2d6       34%         3
 Yara's Violent Unravell  Hex/Alch       8%         3d5       65%         5
 Agony                    Necr           3%         N/A       97%         5
 Enfeeble                 Hex            1%         N/A       100%        7
 Ignition                 Fire           1%         3d3       100%        8


Dungeon Overview and Level Annotations

Branches:
Dungeon (5/15)
 Temple: D:4-7

Altars:
Sif Muna

Annotations:
D:4 1 runed translucent door, Crazy Yiuf
D:5 Edmund, Eustachio


Innate Abilities, Weirdness & Mutations

You have sharp toenails.
You are partially covered in iridescent scales. (AC +2)


Message History

The arrow misses you.
An orc comes into view. It is wielding a +0 flail.
The centaur shoots an arrow.
The arrow closely misses you.
The centaur shoots an arrow.
The arrow closely misses you.
Casting: Mephitic Cloud (dangerous; 6% risk of failure)
Confirm with . or Enter, or press ? or * to list all spells.
Aiming: Mephitic Cloud (dangerous; 6% risk of failure)
Press: ? - help, Shift-Dir - straight line, f - centaur, p - iron imp
Aim: a centaur, wielding a +0 orcbow (chance to affect: 81%)
You miscast Mephitic Cloud.
You are very lightly contaminated with residual magic.
Nothing appears to happen.
The centaur shoots an arrow.
The arrow completely misses you.
Edmund the Younger comes into view.
He is wielding a +0 flail of protection.
The centaur shoots an arrow.
The arrow hits you.
Damage: -7%(-3hp) hp: 64%(26hp)
Casting: Mephitic Cloud (dangerous; 6% risk of failure)
Confirm with . or Enter, or press ? or * to list all spells.
You begin to radiate toxic energy.
Edmund is poisoned.
The orc is poisoned.
The centaur is poisoned.
The centaur shoots an arrow.
The arrow misses you.
You kill the orc!
The centaur looks even sicker.
Your toxic aura wanes.
The centaur shoots an arrow.
The arrow closely misses you. The iron imp attacks as it pursues you!
The iron imp closely misses you.
The centaur shoots an arrow.
The arrow hits you!
* * * LOW HITPOINT WARNING * * *
Huge Dmg: -24%(-10hp) hp: 40%(16hp) Unknown command.
As you read the scroll labelled UGYOFO UWOUC, it crumbles to dust.
It is a scroll of identify.
i - 2 scrolls of teleportation Eustachio gestures wildly while chanting.
Eustachio blinks!
The iron imp misses you.
As you read the scroll of teleportation, it crumbles to dust.
You feel strangely unstable.
Edmund looks more healthy.
The centaur shoots an arrow.
The arrow hits you!
* * * LOW HITPOINT WARNING * * *
The centaur shoots an arrow.
The arrow hits you!
You die...

#..'.....# #.####..)..###
#..............
######.....####
##########.)...#
####........#.....########
........................$#
####........###...@......#
...#.....######..@...@)..#
...####### ###...5...c....
......... .......5.#####.#
......### ###.####.#
.....†+.# ## #.#
#'#...#.###.. #5#
............### #.#
.......>....... #.#
............... #.#


You could see Edmund, Eustachio, a centaur (very poisoned), 2 iron imps and a
quasit (summoned).

Vanquished Creatures
  Pikel (D:4)
  Sigmund (D:4)
  An ogre (D:5)
  A phantom (D:5)
  Blork the orc (D:5)
  A lemure (D:4)
  3 scorpions (D:4)
  A gnoll bouda (D:4)
  2 jellies
  A sleepcap (D:5)
  Terence (D:3)
  Natasha (thrice) (D:4)
  An orc wizard (D:4)
  Robin (D:2)
  5 gnolls (D:4)
  4 adders
  A shadow imp (D:5)
  4 worms
  2 dart slugs (D:2)
  10 orcs
  5 bats
  9 endoplasms
  5 giant cockroaches
  11 goblins
  15 hobgoblins
  A jackal (D:2)
  11 kobolds
  4 quokkas
  3 ball pythons
  5 frilled lizards
  5 rats
119 creatures vanquished.

Notes
Turn   | Place    | Note
-------+----------+-------------------------------------------
     0 | D:1      | RepHenryClay the Deep Elf Alchemist began the quest for the
                  | Orb.
     0 | D:1      | Reached XP level 1. HP: 10/10 MP: 6/6
   128 | D:1      | You fall into a shaft and drop 1 floor!
   203 | D:2      | Reached XP level 2. HP: 15/15 MP: 1/8
   845 | D:1      | Reached XP level 3. HP: 17/19 MP: 5/9
  1060 | D:1      | Found a faded altar of an unknown god.
  1595 | D:1      | Learned a level 3 spell: Mephitic Cloud
  2090 | D:2      | Noticed Robin
  2108 | D:2      | Reached XP level 4. HP: 23/24 MP: 8/10
  2203 | D:2      | Killed Robin
  2851 | D:3      | Noticed Terence
  2868 | D:3      | Killed Terence
  2869 | D:3      | Reached XP level 5. HP: 28/28 MP: 5/11
  2940 | D:3      | Found a shimmering blue altar of Sif Muna.
  3657 | D:4      | Reached skill level 5 in Alchemy
  3823 | D:4      | Reached skill level 5 in Conjurations
  3823 | D:4      | Reached XP level 6. HP: 32/32 MP: 8/12
  3984 | D:4      | Learned a level 4 spell: Olgreb's Toxic Radiance
  4062 | D:4      | Found a runed translucent door.
  4063 | D:4      | Noticed Crazy Yiuf
  4429 | D:4      | Noticed Pikel
  4441 | D:4      | Gained mutation: You are partially covered in iridescent
                  | scales. (AC +2) [potion of mutation]
  4441 | D:4      | Gained mutation: You have sharp toenails. [potion of
                  | mutation]
  4463 | D:4      | Killed Pikel
  4464 | D:4      | Reached skill level 7 in Dodging
  4464 | D:4      | Reached XP level 7. HP: 8/36 MP: 2/13
  4780 | D:4      | Noticed Natasha
  4786 | D:4      | Killed Natasha
  5056 | D:4      | Noticed Sigmund
  5060 | D:4      | Noticed Natasha
  5064 | D:4      | Killed Natasha
  5065 | D:4      | Reached XP level 8. HP: 41/41 MP: 4/14
  5068 | D:4      | Killed Sigmund
  5069 | D:4      | Reached skill level 8 in Dodging
  5201 | D:4      | Noticed Natasha
  5209 | D:4      | Killed Natasha
  5491 | D:4      | Found a runed translucent door.
  5816 | D:5      | Entered Level 5 of the Dungeon
  6000 | D:5      | Noticed Blork the orc
  6009 | D:5      | Killed Blork the orc
  6010 | D:5      | Reached skill level 9 in Dodging
  6324 | D:5      | Noticed Eustachio
  6334 | D:5      | Noticed Edmund
  6338 | D:5      | HP: 2/41 [centaur/arrow (15)]
  6338 | D:5      | Shot with an arrow by a centaur

Illustrated notes

Levels and vault maps discovered:
D:1:      doesnt_arrival_eight_statues, layout_basic,
          hellmonk_ecumenical_altar_arch_garden, dreamdust_princess_bridge
D:2:      minmay_chambers_of_ones, layout_basic, uniq_robin
D:3:      layout_loops_ring, overflow_temple_1_default, uniq_terence
D:4:      layout_loops_ring, uniq_sigmund, uniq_crazy_yiuf_cottage,
          uniq_natasha, uniq_pikel
D:5:      layout_basic, chequers_temple_overflow_minitemple, uniq_edmund,
          uniq_duvessa, uniq_eustachio, uniq_blork_the_orc

Skill      XL: |  1  2  3  4  5  6  7  8 |
---------------+-------------------------+-----
Conjurations   | 2 3 4 5 6 |  6.2
Alchemy        | 4 5 6 |  6.2
Dodging        | 7 9 |  9.4
Stealth        | |  2.4
Spellcasting   | |  3.0

Action                     |  1- 3 |  4- 6 |  7- 9 || total
---------------------------+-------+-------+-------++-------
  Melee: Unarmed           |     9 |       |       ||     9
         Punch             |     1 |       |     1 ||     2
         Dagger            |     4 |    33 |    22 ||    59
         Kick              |       |       |    16 ||    16
         Short sword       |       |       |    30 ||    30
   Cast: Sting             |    94 |   114 |    30 ||   238
         Mephitic Cloud    |       |     2 |     6 ||     8
         Olgreb's Toxic Ra |       |     2 |     3 ||     5
  Evoke: Wand              |       |       |     1 ||     1
    Use: Potion            |       |     6 |       ||     6
         Scroll            |       |       |     2 ||     2
   Stab: Sleeping          |       |     1 |       ||     1
         Confused          |       |       |     1 ||     1
 Armour: Robe              |    38 |    31 |    25 ||    94
         Skin              |       |     4 |       ||     4
  Dodge: Dodged            |    43 |    29 |    47 ||   119

Table legend: (Time is in decaauts)
 A = Elapsed time spent in this place.
 B = Non-inter-level travel time spent in this place.
 C = Inter-level travel time spent in this place.
 D = Time resting spent in this place.
 E = Time spent auto-exploring this place.
 F = Levels seen in this place.
 G = Mean time per level.
                   A        B        C        D        E       F      G
               +--------+--------+--------+--------+--------+-----+--------+
         Total |   6320 |   6077 |    243 |    493 |   4675 |   5 | 1264.0 |
       Dungeon |   6320 |   6077 |    243 |    493 |   4675 |   5 | 1264.0 |
               +--------+--------+--------+--------+--------+-----+--------+

Top non-repeatable levels by time:
     D:4: 2088 daAuts
     D:1: 1368 daAuts
     D:2: 1317 daAuts
     D:3: 1026 daAuts
     D:5: 521 daAuts
